 Dungeon Crawl Stone Soup version 0.31-a0-1603-gbec6b6ccbf (webtiles) character file.

Game seed: 4323158638849298145

11605 damiac the Carver (level 11, -6/99 HPs)
             Began as a Minotaur Berserker on Jan 7, 2024.
             Was a High Priest of Trog.
             Mangled by a snapping turtle (14 damage)
             ... on level 2 of the Lair of Beasts.
             The game lasted 00:32:49 (11206 turns).

damiac the Carver (Minotaur Berserker)             Turns: 11206, Time: 00:32:50

Health: -6/99      AC: 19    Str: 23    XL:     11   Next: 51%
Magic:  10/10      EV:  9    Int:  6    God:    Trog [*****.]
Gold:   763        SH:  0    Dex: 11    Spells: 10/10 levels left

rFire   . . .        N - +3 long sword (drain)
rCold   . . .        (no shield)
rNeg    . . .        H - +0 plate armour
rPois   +            (helmet restricted)
rElec   .            y - +1 cloak {rPois}
rCorr   .            b - +0 pair of gloves
SInv    .            D - +0 pair of boots
Will    .....        x - amulet of faith Stlth
                     s - ring of poison resistance
HPRegen 0.36/turn    (no ring)
MPRegen 0.12/turn

%: faith
@: no status effects
A: horns 2, retaliatory headbutt
a: Renounce Religion, Berserk, Trog's Hand, Brothers in Arms


You were on level 2 of the Lair of Beasts.
You worshipped Trog.
Trog was extremely pleased with you.
You visited 2 branches of the dungeon, and saw 12 of its levels.

You collected 763 gold pieces.

Inventory:

Hand Weapons
 a - a +0 falchion
 i - a +0 orcbow
 I - a +0 heavy long sword
 N - a +3 long sword of draining (weapon)
Missiles
 d - 79 stones (quivered)
 f - 3 silver javelins
 l - 13 poisoned darts
 v - a throwing net
Armour
 b - a +0 pair of gloves (worn)
 c - a +0 chain mail
 y - a +1 cloak of poison resistance (worn)
 D - a +0 pair of boots (worn)
 H - a +0 plate armour (worn)
Jewellery
 s - a ring of poison resistance (left hand)
 x - an amulet of faith (around neck)
 G - a +5 ring of evasion
Wands
 j - a wand of roots (10)
 z - a wand of mindburst (7)
 F - a wand of digging (7)
 Q - a wand of paralysis (5)
Scrolls
 h - 2 scrolls of teleportation
 p - 3 scrolls of poison
 w - 2 scrolls of brand weapon
 A - 2 scrolls of enchant armour
 B - a scroll of enchant weapon
 K - a scroll of revelation
Potions
 e - a potion of resistance {unknown}
 g - a potion of brilliance {unknown}
 k - 2 potions of heal wounds
 m - 2 potions of lignification
 o - 2 potions of curing
 q - 4 potions of mutation
 r - 2 potions of invisibility {unknown}
 t - 2 potions of might {unknown}
 u - 2 potions of magic
 M - 2 potions of enlightenment
 P - 3 potions of haste


   Skills:
 + Level 9.9 Fighting
 * Level 13.3 Long Blades
 + Level 7.5 Throwing
 + Level 9.2 Armour
 + Level 8.4 Dodging


You had 10 spell levels left.
You didn't know any spells.
Your spell library contained the following spells:

 Spells                   Type           Power      Damage    Failure   Level
 Slow                     Hex            0%         N/A       100%        1
 Confusing Touch          Hex            0%         N/A       100%        3
 Sigil of Binding         Hex            0%         N/A       100%        3
 Vampiric Draining        Necr           0%         2d6       100%        3
 Volatile Blastmotes      Fire/Tloc      0%         2d10      100%        3
 Fulminant Prism          Conj/Alch      0%         3d5       100%        4
 Iskenderun's Mystic Bla  Conj/Tloc      0%         2d3       100%        4


Dungeon Overview and Level Annotations

Branches:
Dungeon (10/15)            Temple (0/1) D:4            Lair (2/5) D:9
 Shoals (0/4) Lair:2
  Snake: Lair:2-3    Spider: Lair:2-3       Orc: D:9-12

Altars:
Hepliaklqana
Kikubaaqudgha
Okawaru
Ru
Sif Muna
Trog
Uskayaw
Xom

Shops:
D:6 :

Annotations:
Lair:2 exclusion: oklob plant


Innate Abilities, Weirdness & Mutations

You have a pair of horns on your head.
You reflexively headbutt those who attack you in melee.


Message History

You open the door.
A snapping turtle and a water elemental come into view.
Found a staircase to the Shoals.
There is an open door here.
The snapping turtle attacks as it pursues you!
The snapping turtle bites you from afar!!
The snapping turtle bites you from afar!!
You hit the water elemental. You headbutt the water elemental!
The water elemental is moderately damaged.
The water elemental hits you!
The water elemental engulfs you in water!
You barely miss the water elemental. You headbutt the water elemental!
The water elemental is heavily damaged.
Your lungs strain for air!
The snapping turtle bites you from afar.
You cannot call out to Trog while unable to breathe.
You hit the water elemental.
The water elemental is severely damaged.
Your lungs strain for air!
The water elemental hits you.
You cannot call out to Trog while unable to breathe.
You hit the water elemental.
The water elemental is severely damaged.
Your lungs strain for air!
The snapping turtle bites you from afar!!
* * * LOW HITPOINT WARNING * * *
The water elemental hits you.
* * * LOW HITPOINT WARNING * * *
You hit the water elemental. You headbutt the water elemental.
The water elemental is almost destroyed.
* * * LOW HITPOINT WARNING * * *
Your lungs strain for air!
The water elemental closely misses you. You furiously retaliate!
You headbutt the water elemental!
You destroy the water elemental!
Trog accepts your kill. The water engulfing you falls away.
You gasp with relief as air once again reaches your lungs.
The snapping turtle bites you from afar!
You die...

#..... ##..##~###....#
##P..~~~~ ~~.#.#
P...~~≈~ ≈~~#.#
#####..~~≈#### ≈~~.#
#.##...~≈##...##~~.#
..#....~~#....t#≈~.#
.......~~#..>..'@..#
.......~~#.....#~~##
...†..#~≈##...##≈~~#
....##~~~≈#####†~~##
..######~~≈≈≈~≈~~## ###
..# #~~~~~~~~~####
##...## .##
##~........#.####.......
..#
#..............'..)P...
###
##............##......P


You could see a snapping turtle.

Vanquished Creatures
  3 death yaks
  Joseph (Lair:1)
  2 cane toads (Lair:1)
  A rime drake (Lair:2)
  2 komodo dragons
  A polar bear (Lair:1)
  Prince Ribbit (D:7)
  2 shadows (D:9)
  5 wyverns
  A water elemental (Lair:2)
  A wraith (D:9)
  12 yaks
  Edmund (D:4)
  4 water moccasins
  3 orc warriors
  A black bear (D:7)
  2 sky beasts
  3 ogres (D:5)
  4 centaurs
  2 phantoms (D:6)
  A kobold brigand (D:7)
  10 bullfrogs
  A scorpion (D:5)
  10 wights
  7 killer bees (D:8)
  5 howler monkeys
  A centaur zombie (D:4)
  2 bullfrog skeletons (D:4)
  7 jellies
  Crazy Yiuf (D:4)
  2 bombardier beetles
  A hound (D:4)
  4 orc priests
  A sleepcap (D:3)
  3 iguanas
  7 orc wizards
  11 hell rats
  Robin (D:2)
  4 gnolls
  7 adders
  2 white imps
  8 ufetubi
  6 ribbon worms
  The ghost of petzl the Sneak, a weakling FoDe (D:4)
  A dart slug (D:5)
  17 orcs
  23 endoplasms
  3 giant cockroaches
  13 goblins
  7 hobgoblins
  3 quokkas
  5 ball pythons
  10 bats
  3 frilled lizards
  12 kobolds
  8 rats
260 creatures vanquished.

Notes
Turn   | Place    | Note
-------+----------+-------------------------------------------
     0 | D:1      | damiac the Minotaur Berserker began the quest for the Orb.
     0 | D:1      | Reached XP level 1. HP: 19/19 MP: 0/0
   371 | D:1      | Reached XP level 2. HP: 27/27 MP: 1/1
   619 | D:1      | Reached skill level 4 in Long Blades
  1045 | D:2      | Reached ** piety under Trog
  1094 | D:2      | Reached XP level 3. HP: 28/33 MP: 2/2
  1165 | D:2      | Noticed Robin
  1262 | D:1      | Reached skill level 1 in Throwing
  1275 | D:2      | Killed Robin
  1504 | D:2      | Reached XP level 4. HP: 34/40 MP: 3/3
  1889 | D:3      | Found a hide-covered altar of Uskayaw.
  2488 | D:3      | Reached skill level 5 in Long Blades
  2488 | D:3      | Reached XP level 5. HP: 45/46 MP: 4/4
  2778 | D:3      | HP: 2/70 [gnoll/+0 spear (5)]
  2948 | D:4      | Found a staircase to the Ecumenical Temple.
  3059 | D:4      | Reached *** piety under Trog
  3104 | D:4      | Noticed Edmund
  3115 | D:4      | Killed Edmund
  3116 | D:4      | Reached XP level 6. HP: 46/53 MP: 5/5
  3407 | D:4      | Found a transporter.
  3410 | D:4      | Noticed petzl's ghost (weakling FoDe)
  3434 | D:4      | Reached skill level 5 in Fighting
  3434 | D:4      | Reached skill level 6 in Long Blades
  3555 | D:4      | Found a transporter.
  3562 | D:4      | Reached XP level 7. HP: 61/61 MP: 6/6
  3570 | D:4      | Killed petzl's ghost
  3682 | D:4      | Found a runed translucent door.
  3683 | D:4      | Noticed Crazy Yiuf
  3820 | D:4      | Killed Crazy Yiuf
  3862 | D:5      | Entered Level 5 of the Dungeon
  3904 | D:5      | Found an ancient bone altar of Kikubaaqudgha.
  3970 | D:5      | Reached skill level 7 in Long Blades
  4511 | D:5      | Reached skill level 5 in Armour
  4511 | D:5      | Reached XP level 8. HP: 70/70 MP: 7/7
  4887 | D:5      | Reached skill level 8 in Long Blades
  5052 | D:6      | Reached skill level 5 in Dodging
  5153 | D:6      | Found a hazy altar of Hepliaklqana.
  5386 | D:6      | Found Dufauli's Book Shop.
  5715 | D:6      | Found a shimmering blue altar of Sif Muna.
  5743 | D:6      | Found a bloodstained altar of Trog.
  5754 | D:6      | Reached skill level 9 in Long Blades
  6068 | D:7      | Reached XP level 9. HP: 78/78 MP: 8/8
  6321 | D:7      | Reached **** piety under Trog
  6415 | D:7      | Noticed Prince Ribbit
  6425 | D:7      | Killed Prince Ribbit
  6760 | D:8      | Reached skill level 5 in Throwing
  7028 | D:8      | Reached skill level 10 in Long Blades
  7754 | D:8      | Reached XP level 10. HP: 80/88 MP: 9/9
  7855 | D:8      | Found a sacrificial altar of Ru.
  8228 | D:8      | Reached skill level 11 in Long Blades
  8521 | D:9      | Noticed a death yak
  8523 | D:9      | Found a staircase to the Lair.
  8523 | D:9      | Noticed a death yak
  8757 | D:9      | Noticed a death yak
  8811 | D:8      | Killed a death yak
  9049 | D:9      | Found an iron altar of Okawaru.
  9194 | D:9      | Found a shimmering altar of Xom.
  9269 | D:9      | Reached skill level 12 in Long Blades
  9399 | D:9      | Killed a death yak
  9412 | D:9      | Killed a death yak
  9413 | D:9      | Reached XP level 11. HP: 75/97 MP: 10/10
  9518 | D:10     | Entered Level 10 of the Dungeon
  9570 | Lair:1   | Entered Level 1 of the Lair of Beasts
  9696 | Lair:1   | Noticed Joseph
  9707 | Lair:1   | Paralysed by Joseph for 5 turns
  9720 | Lair:1   | Killed Joseph
 10238 | Lair:1   | Reached skill level 13 in Long Blades
 11126 | Lair:2   | Noticed an oklob plant
 11135 | Lair:2   | Reached ***** piety under Trog
 11198 | Lair:2   | Found a staircase to the Shoals.
 11206 | Lair:2   | Mangled by a snapping turtle

Illustrated notes

Levels and vault maps discovered:
D:1:      psy_arrival_dodecagon, layout_basic, minivault_4
D:2:      layout_loops_ring, minmay_tromino_v4_a, uniq_robin
D:3:      layout_loops_ring, nicolae_uskayaw_dance_hall,
          kennysheep_big_empty_room, grunt_ministairs_6,
          kennysheep_generic_room_8
D:4:      layout_cave_pools, minmay_temple_entry_large_hall,
          gammafunk_ghost_mausoleum, uniq_crazy_yiuf_cottage, uniq_edmund
D:5:      minmay_razor_zed, layout_basic, amcnicky_altar_gilded
D:6:      lemuel_ice_spiral_2, layout_basic,
          nzn_overflow_gifts_of_might_and_magic, lemuel_tele_altar,
          serial_shops, nicolae_diamond_shop,
          eino_small_chamber_without_monster, hex_tiny,
          chequers_serial_rivers_micro_b
D:7:      layout_loops_ring, uniq_prince_ribbit1
D:8:      layout_cave_pods, mainiacjoe_overflow_24_doors
D:9:      layout_cave_pools, dk_xom_monty_hall, marbit_many_paths,
          dpeg_lair_monsters, grunt_ministairs_13, st_stairs_8
D:10:     layout_roguey, fiery_altar_vehumet, due_unseen_surprise
Lair:1:   layout_concentric_octagons, uniq_joseph
Lair:2:   lemuel_slime, layout_layer_cave, minmay_shoals_entry_hut

Skill      XL: |  1  2  3  4  5  6  7  8  9 10 11 |
---------------+----------------------------------+-----
Long Blades    | 4 5 6 7 9 10 12 13 | 13.3
Throwing       | 1 2 3 4 5 6 7 |  7.5
Armour         | 3 4 5 6 7 8 9 |  9.2
Fighting       | 4 5 6 8 9 |  9.9
Dodging        | 3 4 5 6 7 8 |  8.4

Action                     |  1- 3 |  4- 6 |  7- 9 | 10-12 || total
---------------------------+-------+-------+-------+-------++-------
  Melee: Falchion          |   105 |   125 |   214 |       ||   444
         Headbutt          |    20 |    22 |    62 |    72 ||   176
         Punch             |       |     2 |     5 |     3 ||    10
         Long sword        |       |       |   125 |   316 ||   441
  Throw: Stone             |       |     5 |       |     1 ||     6
         Dart              |       |       |     5 |       ||     5
         Boomerang         |       |       |       |    44 ||    44
 Invoke: Berserk           |       |     3 |     9 |     5 ||    17
         Trog's Hand       |       |     1 |     4 |     1 ||     6
  Evoke: Wand              |       |       |     1 |       ||     1
    Use: Scroll            |       |     1 |       |    18 ||    19
 Armour: Ring mail         |    65 |    79 |       |       ||   144
         Animal skin       |     1 |       |       |       ||     1
         Chain mail        |       |    34 |   179 |       ||   213
         Plate armour      |       |       |   143 |   265 ||   408
  Dodge: Dodged            |    89 |    77 |   157 |   122 ||   445

Table legend: (Time is in decaauts)
 A = Elapsed time spent in this place.
 B = Non-inter-level travel time spent in this place.
 C = Inter-level travel time spent in this place.
 D = Time resting spent in this place.
 E = Time spent auto-exploring this place.
 F = Levels seen in this place.
 G = Mean time per level.
                   A        B        C        D        E       F      G
               +--------+--------+--------+--------+--------+-----+--------+
         Total |  11327 |  11102 |    225 |   1125 |   7767 |  12 |  943.9 |
       Dungeon |   9693 |   9471 |    222 |    968 |   6569 |  10 |  969.3 |
          Lair |   1633 |   1630 |      3 |    156 |   1198 |   2 |  816.5 |
               +--------+--------+--------+--------+--------+-----+--------+

Top non-repeatable levels by time:
     D:8: 1857 daAuts
  Lair:1: 1267 daAuts
     D:5: 1194 daAuts
     D:3: 1126 daAuts
     D:1: 992 daAuts
     D:4: 975 daAuts
     D:9: 969 daAuts
     D:6: 921 daAuts
     D:2: 824 daAuts
     D:7: 810 daAuts
  Lair:2: 366 daAuts
    D:10: 22 daAuts
